 Dungeon Crawl Stone Soup version 0.29-a0-1047-g7c58e119a4 (webtiles) character file.

Game seed: 13568050633597209265

23829 leavemydog the Devastator (level 12, -2/68 HPs)
             Began as a Deep Elf Conjurer on Aug 16, 2022.
             Was an Elder of Vehumet.
             Succumbed to Nessos's poison
             ... on level 12 of the Dungeon.
             The game lasted 00:39:42 (18937 turns).

leavemydog the Devastator (Deep Elf Conjurer)      Turns: 18937, Time: 00:39:44

Health: -2/68      AC:  8    Str: 14    XL:     12   Next: 75%
Magic:  27/33      EV: 12    Int: 35    God:    Vehumet [****..]
Gold:   813        SH:  0    Dex: 16    Spells: 18/41 levels left

rFire   . . .      SeeInvis .   y - +2 short sword (protect)
rCold   . . .      Faith    .   (no shield)
rNeg    . . .      Spirit   .   v - +0 steam dragon scales
rPois   .          Reflect  .   H - +0 helmet of Eshruxi {rCorr Str+4}
rElec   +          Harm     .   D - +0 cloak
rCorr   +          Rampage  .   (no gloves)
Will    +....                   B - +0 pair of boots
Stlth   ++........              n - amulet of Howao {RegenMP rElec Dex+3}
HPRegen 0.21/turn               w - +6 ring of strength
MPRegen 0.63/turn               K - +6 ring of intelligence

@: lethally poisoned (-2 -> -21), studying Fighting
A: no striking features
a: Renounce Religion


You were on level 12 of the Dungeon.
You worshipped Vehumet.
Vehumet was greatly pleased with you.
You visited 2 branches of the dungeon, and saw 14 of its levels.

You collected 813 gold pieces.

Inventory:

Hand Weapons
 y - a +2 short sword of protection (weapon)
Armour
 m - a +2 robe of willpower
 v - +0 steam dragon scales (worn)
 B - a +0 pair of boots (worn)
 D - a +0 cloak (worn)
 H - the +0 helmet of Eshruxi (worn) {rCorr Str+4}
   (You found it on level 8 of the Dungeon)

   Str:       It affects your strength (+4).
   rCorr:     It protects you from acid and corrosion.
Magical Staves
 A - a staff of air
Jewellery
 c - a ring of fire
 d - a ring of resist corrosion
 g - an amulet of reflection
 n - the amulet of Howao (around neck) {RegenMP rElec Dex+3}
   (You took it off a centaur warrior on level 12 of the Dungeon)

   [amulet of magic regeneration]

   It increases your rate of magic regeneration.
   Dex:       It affects your dexterity (+3).
   rElec:     It insulates you from electricity.
 w - a +6 ring of strength (left hand)
 I - a ring of flight
 K - a +6 ring of intelligence (right hand)
Wands
 p - a wand of polymorph (30)
 q - a wand of paralysis (9)
 E - a wand of flame (19)
 F - a wand of roots (23)
Scrolls
 h - a scroll of poison {unknown}
 i - 2 scrolls of teleportation
 j - a scroll of fear
 l - 3 scrolls of magic mapping
 o - a scroll of acquirement {unknown}
 u - a scroll of blinking
 x - 4 scrolls of butterflies
 C - a scroll of immolation {unknown}
 G - 2 scrolls of enchant armour {unknown}
 J - 2 scrolls of vulnerability {unknown}
 L - 2 scrolls of noise {unknown}
Potions
 a - 7 potions of curing
 b - a potion of magic
 e - 5 potions of brilliance
 f - 3 potions of haste
 k - 3 potions of attraction
 r - a potion of might {unknown}
 s - a potion of mutation {unknown}
 t - 3 potions of resistance
 z - a potion of flight {unknown}


   Skills:
 * Level 5.0 Fighting
 - Level 2.4 Dodging
 - Level 2.4 Stealth
 + Level 15.3 Spellcasting
 + Level 15.4 Conjurations
 - Level 8.3 Hexes
 - Level 6.9 Translocations
 - Level 0.1 Transmutations
 * Level 4.2 Fire Magic
 * Level 3.6 Air Magic
 * Level 3.8 Earth Magic
 + Level 0.5 Evocations


You had 18 spell levels left.
You knew the following spells:

 Your Spells              Type           Power      Damage    Failure   Level
a - Magic Dart            Conj           100%       1d8       0%          1
b - Searing Ray           Conj           100%       2d8       0%          2
c - Iskenderun's Mystic   Conj/Tloc      81%        2d16      1%          4
d - Fulminant Prism       Conj/Hex       41%        3d20      1%          4
e - Orb of Destruction    Conj           47%        9d12      1%          7
f - Poisonous Vapours     Pois/Air       78%        N/A       1%          2
g - Ignite Poison         Fire/Tmut/Pois 37%        N/A       1%          3

Your spell library contained the following spells:

 Spells                   Type           Power      Damage    Failure   Level
 Yara's Violent Unravell  Hex/Tmut       27%        3d12      1%          5
 Beastly Appendage        Tmut           56%        N/A       1%          1
 Foxfire                  Conj/Fire      100%       2x1d9     1%          1
 Ensorcelled Hibernation  Hex/Ice        100%       N/A       1%          2
 Passwall                 Tmut/Erth      33%        N/A       1%          2
 Scorch                   Fire           100%       2d10      1%          2
 Wereblood                Tmut           28%        N/A       1%          2
 Conjure Flame            Conj/Fire      77%        6-21      1%          3
 Dazzling Flash           Conj/Hex       100%       N/A       1%          3
 Inner Flame              Hex/Fire       63%        N/A       1%          3
 Summon Guardian Golem    Hex/Summ       54%        N/A       1%          3
 Swiftness                Air            51%        N/A       1%          3
 Flame Wave               Conj/Fire      77%        2d17      1%          4
 Sticky Flame             Conj/Fire      77%        2d9       1%          4
 Spider Form              Tmut/Pois      27%        N/A       4%          3
 Corpse Rot               Necr/Pois/Air  35%        N/A       9%          4
 Spellforged Servitor     Conj/Summ      34%        N/A       13%         7
 Summon Cactus Giant      Summ           13%        N/A       91%         6


Dungeon Overview and Level Annotations

Branches:
Dungeon (13/15)            Temple (1/1) D:5            Lair (0/5) D:9
    Orc (0/2) D:9          Vaults (0/5) D:13

Altars:
Ashenzari
Cheibriados
Dithmenos
Elyvilon
Fedhas
Gozag
Hepliaklqana
Kikubaaqudgha
Makhleb
Nemelex Xobeh
Okawaru
Qazlal
Ru
Sif Muna
Trog
Uskayaw
Vehumet
Wu Jian
Xom
Yredelemnul
Zin
The Shining One

Annotations:
D:6 Edmund
D:9 Gruesome's ghost, novice DrEE
D:12 3 runed translucent doors, Rupert; Wobentar's ghost, journeyman MiBe
D:13 Josephine; Nessos; Urug


Message History

The blast of energy engulfs the wraith!!!
You destroy the wraith!
Vehumet accepts your kill.
You feel your power returning.
The blast of energy engulfs the wraith!
The wraith is heavily damaged.
The blast of energy engulfs the wraith!!
The wraith is almost destroyed.
The blast of energy engulfs Josephine!!!
Josephine is almost dead.
The blast of energy engulfs the human!!!
You kill the human!
Vehumet accepts your kill.
You feel your power returning.
The blast of energy engulfs the wraith!!
You destroy the wraith!
Vehumet accepts your kill.
You feel your power returning.
Nessos wields a +2 longbow of flaming.
It bursts into flame!
Nessos shoots an arrow.
The arrow hits you!
* * * LOW HITPOINT WARNING * * *
The arrow burns you.
You are lethally poisoned!
* * * LOW HITPOINT WARNING * * *
The grasping roots constrict you!
* * * LOW HITPOINT WARNING * * *
Cornered, the human turns to fight!
The human howls in fear.
Cornered, the human turns to fight!
The roots lose their grip on you.
You climb upwards.
Level annotation: 3 runed translucent doors, Wobentar's ghost, journeyman MiBe
* * * LOW HITPOINT WARNING * * *
You feel extremely sick.
There is a stone staircase leading down here.
Casting: Iskenderun's Mystic Blast (safe; 1% risk of failure)
Confirm with . or Enter, or press ? or * to list all spells.
You erupt in a blast of force!
The mystic blast hits Rupert!!
Rupert is moderately wounded.
Rupert is knocked back by the mystic blast.
Rupert slams into the rock wall!
Rupert is moderately wounded.
You die...

##############
##################
#............#
#@............##..
#..###..##...#
#..##...#####.##..
#..# #..##...#
#..##...# #.##..
#..# #..##...#
#@.##...# #.##..
#..# #..##...#
#..##...# #.##..
#..# #..##...#
#..##...# #.##..
#..# #..##...#
#..##...# #.##..
#..# #..##...#
#..##...# #.##..
#..# #..##...#
#..##...# #.##.)
#..# #..##...#
#..##...#####.##..
#[.# #..##...#
#..##...<.....##..
#..# #..##...#
#..##.........##..


You could see Rupert (berserk).

Vanquished Creatures
  A boulder beetle (D:12)
  4 two-headed ogres
  4 centaur warriors
  Pikel (D:7)
  2 orc knights (D:12)
  2 cyclopes (D:12)
  3 manticores (D:12)
  2 ugly things
  Joseph (D:7)
  Psyche (D:9)
  An unseen horror (D:10)
  A komodo dragon (D:11)
  2 kobold demonologists (D:12)
  A freezing wraith (D:9)
  5 trolls
  A blink frog (shapeshifter) (D:12)
  A jumping spider (shapeshifter) (D:12)
  2 shadows
  4 wraiths
  A vampire (D:12)
  A wyvern (D:9)
  27 yaks
  A human (D:13)
  A basilisk (D:12)
  A steam dragon (D:6)
  A vampire mosquito (D:12)
  Menkaure (D:7)
  Grum (D:8)
  An acid dragon (D:12)
  2 water moccasins (D:7)
  An ice beast (D:6)
  5 orc warriors
  A black bear (D:6)
  2 sky beasts
  10 wolves
  9 centaurs
  2 lemures (D:7)
  4 kobold brigands
  2 necrophages
  3 bullfrogs
  4 scorpions
  5 wights (D:7)
  8 howler monkeys
  3 jellies
  2 hounds
  6 orc priests
  Jessica (D:2)
  2 gnoll boudas
  3 iguanas
  14 orc wizards
  15 gnolls
  10 adders
  13 white imps
  3 worms
  2 dart slugs (D:4)
  42 orcs
  3 ball pythons
  6 endoplasms
  6 giant cockroaches
  17 goblins
  8 hobgoblins
  2 jackals (D:4)
  A quokka (D:3)
  5 bats
  3 frilled lizards
  21 kobolds
  3 rats
324 creatures vanquished.

Vanquished Creatures (others)
  34 fulminant prisms
  5 plants (D:12)
39 creatures vanquished.

Grand Total: 363 creatures vanquished

Notes
Turn   | Place    | Note
-------+----------+-------------------------------------------
     0 | D:1      | leavemydog the Deep Elf Conjurer began the quest for the
                  | Orb.
     0 | D:1      | Reached XP level 1. HP: 10/10 MP: 6/6
   332 | D:1      | Reached XP level 2. HP: 15/15 MP: 6/8
   335 | D:1      | Learned a level 2 spell: Searing Ray
   743 | D:1      | Reached skill level 5 in Conjurations
   998 | D:2      | Reached XP level 3. HP: 19/19 MP: 5/9
  1375 | D:2      | Noticed Jessica
  1380 | D:2      | Killed Jessica
  1381 | D:2      | Reached XP level 4. HP: 24/24 MP: 2/11
  1404 | D:2      | Learned a level 4 spell: Iskenderun's Mystic Blast
  1504 | D:2      | Found a faded altar of an unknown god.
  1719 | D:2      | You fall into a shaft and drop 2 floors!
  2021 | D:3      | Reached XP level 5. HP: 28/28 MP: 3/13
  2563 | D:3      | Found a bloodstained altar of Trog.
  2563 | D:3      | Found a hazy altar of Hepliaklqana.
  2585 | D:3      | Found an ornate altar of the Wu Jian Council.
  2587 | D:3      | Found a snail-covered altar of Cheibriados.
  2589 | D:3      | Found a glowing silver altar of Zin.
  2637 | D:3      | Reached skill level 1 in Translocations
  2638 | D:3      | Reached skill level 5 in Spellcasting
  2909 | D:3      | Reached XP level 6. HP: 32/32 MP: 10/15
  2954 | D:3      | Learned a level 4 spell: Fulminant Prism
  3326 | D:4      | Reached skill level 1 in Hexes
  3767 | D:4      | Reached XP level 7. HP: 36/36 MP: 12/18
  4459 | D:5      | Entered Level 5 of the Dungeon
  4642 | D:5      | Found an opulent altar of Gozag.
  5325 | D:5      | Found a staircase to the Ecumenical Temple.
  5377 | Temple   | Entered the Ecumenical Temple
  5402 | Temple   | Became a worshipper of Vehumet
  5685 | D:6      | Reached XP level 8. HP: 41/41 MP: 12/21
  6233 | D:6      | Noticed Edmund
  7054 | D:6      | Reached * piety under Vehumet
  7054 | D:6      | Offered knowledge of Shock by Vehumet.
  7411 | D:7      | Noticed Joseph
  7424 | D:7      | Killed Joseph
  7425 | D:7      | Reached skill level 5 in Hexes
  7507 | D:7      | Reached XP level 9. HP: 22/45 MP: 14/24
  8216 | D:7      | Reached skill level 10 in Spellcasting
  8303 | D:7      | Noticed Pikel
  8312 | D:7      | Killed Pikel
  8313 | D:7      | Reached skill level 10 in Conjurations
  8313 | D:7      | Reached skill level 5 in Translocations
  8491 | D:7      | Noticed Menkaure
  8496 | D:7      | Killed Menkaure
  8929 | D:8      | Noticed Grum
  8953 | D:8      | Reached XP level 10. HP: 34/50 MP: 2/27
  9177 | D:8      | Killed Grum
  9501 | D:8      | Offered knowledge of Foxfire by Vehumet.
  9568 | D:8      | Reached ** piety under Vehumet
  9676 | D:8      | Found an iron altar of Okawaru.
 10222 | D:8      | Identified the +0 helmet of Eshruxi {rCorr Str+4}
 10419 | D:9      | Found a runed translucent gate.
 10419 | D:9      | Found a runed translucent gate.
 10419 | D:9      | Found a runed translucent gate.
 10421 | D:9      | Noticed Gruesome's ghost (novice DrEE)
 10687 | D:9      | Noticed a two-headed ogre
 10697 | D:9      | Killed a two-headed ogre
 10846 | D:10     | Entered Level 10 of the Dungeon
 11173 | D:9      | Offered knowledge of Frozen Ramparts by Vehumet.
 11774 | D:9      | Reached *** piety under Vehumet
 11783 | D:9      | Learned a level 7 spell: Orb of Destruction
 11788 | D:9      | Noticed Psyche
 11954 | D:9      | Killed Psyche
 11955 | D:9      | Reached XP level 11. HP: 54/54 MP: 22/29
 12007 | D:9      | Noticed a two-headed ogre
 12015 | D:9      | Killed a two-headed ogre
 12565 | D:9      | Found a staircase to the Orcish Mines.
 12585 | D:9      | Found a staircase to the Lair.
 13159 | D:8      | Learned a level 2 spell: Poisonous Vapours
 13163 | D:8      | Learned a level 3 spell: Ignite Poison
 13639 | D:10     | Reached skill level 1 in Fighting
 13841 | D:10     | Offered knowledge of Hailstorm by Vehumet.
 14721 | D:11     | Noticed a white ugly thing
 14729 | D:11     | Killed a white ugly thing
 14950 | D:11     | Noticed a two-headed ogre
 14954 | D:11     | Killed a two-headed ogre
 15041 | D:11     | Noticed a centaur warrior
 15332 | D:11     | Killed a centaur warrior
 15333 | D:11     | Reached skill level 1 in Fire Magic
 15333 | D:11     | Reached skill level 1 in Air Magic
 15333 | D:11     | Reached skill level 1 in Earth Magic
 15457 | D:11     | Reached **** piety under Vehumet
 15530 | D:11     | Offered knowledge of Yara's Violent Unravelling by Vehumet.
 16263 | D:12     | Reached XP level 12. HP: 64/64 MP: 26/32
 16514 | D:12     | Found a runed translucent gate.
 16514 | D:12     | Found a runed translucent gate.
 16515 | D:12     | Noticed an 11-headed hydra
 16516 | D:12     | Found a runed translucent gate.
 16516 | D:12     | Noticed Wobentar's ghost (journeyman MiBe)
 16516 | D:12     | Noticed a ten-headed hydra
 16729 | D:12     | Identified the +0 robe of the Hot Ocelot {+Inv rElec rPois
                  | Str+2}
 16838 | D:12     | Noticed a boulder beetle
 16842 | D:12     | Killed a boulder beetle
 17170 | D:12     | Noticed a two-headed ogre
 17172 | D:12     | Noticed a centaur warrior
 17178 | D:12     | Killed a two-headed ogre
 17180 | D:12     | Noticed a centaur warrior
 17184 | D:12     | Identified the amulet of Howao {RegenMP rElec Dex+3}
 17184 | D:12     | Noticed a centaur warrior
 17583 | D:12     | HP: 1/66 [centaur warrior/arrow (20)]
 17589 | D:12     | HP: 2/66 [centaur warrior/arrow (27)]
 17594 | D:12     | Killed a centaur warrior
 17595 | D:12     | Reached skill level 15 in Conjurations
 17810 | D:12     | Killed a centaur warrior
 17811 | D:12     | Reached skill level 15 in Spellcasting
 18314 | D:12     | Killed a centaur warrior
 18691 | D:12     | Identified the +0 chain mail of Satisfaction {+Blink Str+4}
 18916 | D:12     | Reached skill level 5 in Fighting
 18930 | D:13     | Noticed Rupert
 18930 | D:13     | Noticed a tengu warrior
 18930 | D:13     | Noticed Urug
 18930 | D:13     | Noticed Nessos
 18930 | D:13     | Noticed Josephine
 18930 | D:13     | Found a gate to the Vaults.
 18936 | D:12     | HP: 1/68 [poisoned by Nessos]
 18937 | D:12     | Succumbed to Nessos's poison

Illustrated notes

Levels and vault maps discovered:
D:1:      lightli_arrival_lavapool, layout_loops_corners,
          nicolae_figureground_sparkle
D:2:      layout_rooms, hellmonk_ecumenical_altar_arch_garden, uniq_jessica
D:3:      layout_loops_cross, chequers_temple_overflow_minitemple,
          serial_bayou_pond_e, serial_bayou_crossing
D:4:      layout_cave_pools, grunt_ministairs_11, minmay_quadrilaterals
D:5:      layout_loops_ring, mainiacjoe_overflow_paths,
          minmay_temple_entry_enclosed_plants, minmay_holes,
          minmay_misc_feat_nine_boxes
D:6:      layout_basic, uniq_edmund
D:7:      layout_loops_ring, uniq_pikel, uniq_menkaure, uniq_joseph
D:8:      layout_loops_cross, lemuel_doored_altar, enter_bailey_7, uniq_grum
D:9:      layout_rooms, erik_lair_island, gammafunk_ghost_spectres, uniq_psyche
D:10:     layout_basic, nicolae_sextant, eino_tiny_chamber
D:11:     layout_long_grid, portal_ice_cave_entry_imps
D:12:     minmay_triangles_in_corner, layout_long_grid,
          gammafunk_ghost_hydra_chop, gauntlet_entry_generic,
          kennysheep_another_room
D:13:     layout_rooms, david_vaults_3, uniq_josephine, uniq_sonja
Temple:   hellmonk_temple_of_storms

Skill      XL: |  1  2  3  4  5  6  7  8  9 10 11 12 |
---------------+-------------------------------------+-----
Conjurations   | 5 6 7 8 9 10 12 14 15 | 15.4
Spellcasting   | 4 5 6 7 9 11 12 14 15 | 15.3
Translocations | 1 2 3 4 5 6 |  6.9
Hexes          | 1 3 5 6 8 |  8.3
Fighting       | 3 5 |  5.0
Fire Magic     | 1 4 |  4.2
Air Magic      | 1 3 |  3.6
Earth Magic    | 1 3 |  3.8
Dodging        | |  2.4
Stealth        | |  2.4
Transmutations | |  0.1
Evocations     | |  0.5

Action                   |  1- 3 |  4- 6 |  7- 9 | 10-12 || total
-------------------------+-------+-------+-------+-------++-------
Melee: Short sword       |       |     8 |     9 |     5 ||    22
       Punch             |       |       |     1 |       ||     1
 Cast: Magic Dart        |    42 |   124 |   125 |   170 ||   461
       Searing Ray       |     4 |     9 |    36 |    62 ||   111
       Iskenderun's Myst |       |     1 |    12 |    56 ||    69
       Fulminant Prism   |       |       |     6 |    28 ||    34
       Orb of Destructio |       |       |       |    40 ||    40
       Poisonous Vapours |       |       |       |     3 ||     3
       Ignite Poison     |       |       |       |     1 ||     1
Evoke: Wand              |       |       |       |     8 ||     8
  Use: Scroll            |       |     3 |     2 |    12 ||    17
       Potion            |       |       |     1 |     3 ||     4
Armor: Robe              |     2 |     5 |     8 |       ||    15
       Steam dragon scal |       |       |     4 |    35 ||    39
Dodge: Dodged            |     4 |    14 |    28 |    73 ||   119
Block: Other             |       |     7 |    16 |    33 ||    56
       Reflection        |       |     1 |     8 |    12 ||    21

Table legend: (Time is in decaauts)
 A = Elapsed time spent in this place.
 B = Non-inter-level travel time spent in this place.
 C = Inter-level travel time spent in this place.
 D = Time resting spent in this place.
 E = Time spent auto-exploring this place.
 F = Levels seen in this place.
 G = Mean time per level.
                   A        B        C        D        E       F      G
               +--------+--------+--------+--------+--------+-----+--------+
         Total |  18930 |  18324 |    606 |   7478 |   8777 |  14 | 1352.1 |
       Dungeon |  18884 |  18286 |    598 |   7478 |   8755 |  13 | 1452.6 |
        Temple |     45 |     38 |      7 |      0 |     22 |   1 |   45.0 |
               +--------+--------+--------+--------+--------+-----+--------+

Top non-repeatable levels by time:
     D:8: 2685 daAuts
    D:12: 2679 daAuts
    D:10: 1941 daAuts
     D:7: 1744 daAuts
     D:9: 1458 daAuts
     D:6: 1384 daAuts
     D:3: 1384 daAuts
    D:11: 1294 daAuts
     D:5: 1222 daAuts
     D:4: 1192 daAuts
     D:1: 994 daAuts
     D:2: 898 daAuts
  Temple: 45 daAuts
    D:13: 5 daAuts
